 Dungeon Crawl Stone Soup version 0.28-a0-2-g643f2454ad (webtiles) character file.

Game seed: 4249616730070777553

60 Sobieck the Firebug (level 3, -2/19 HPs)
             Began as a Deep Elf Fire Elementalist on July 22, 2021.
             Slain by Crazy Yiuf (12 damage)
             ... on level 2 of the Dungeon.
             The game lasted 00:03:48 (1937 turns).

Sobieck the Firebug (Deep Elf Fire Elementalist)    Turns: 1937, Time: 00:03:49

Health: -2/19      AC:  4    Str:  5    XL:     3   Next: 80%
Magic:  6/10       EV: 12    Int: 20    God:
Gold:   93         SH:  0    Dex: 15    Spells: 8/9 levels left

rFire   . . .      SeeInvis .   i - +0 mace {mace}
rCold   . . .      Faith    .   (no shield)
rNeg    . . .      Spirit   .   a - +0 robe
rPois   .          Reflect  .   (no helmet)
rElec   .          Harm     .   (no cloak)
rCorr   .          Rampage  .   o - +0 pair of gloves
Will    +....                   k - +0 pair of boots
Stlth   ++........              (no amulet)
HPRegen 0.06/turn               m - ring of willpower
MPRegen 0.12/turn               (no ring)

@: mighty, very slightly contaminated
A: no striking features
a: no special abilities


You were on level 2 of the Dungeon.
You visited 1 branch of the dungeon, and saw 2 of its levels.

You collected 93 gold pieces.


   Skills:
 - Level 2.4 Dodging
 * Level 3.5 Stealth
 + Level 0.6 Shields
 * Level 3.6 Spellcasting
 * Level 2.0 Conjurations
 * Level 3.8 Fire Magic


You had 8 spell levels left.
You knew the following spells:

 Your Spells              Type           Power      Damage    Failure   Level
a - Foxfire               Conj/Fire      60%        2x1d7     4%          1

Your spell library contained the following spells:

 Spells                   Type           Power      Damage    Failure   Level
 Conjure Flame            Conj/Fire      15%        6-21      12%         3
 Inner Flame              Hex/Fire       11%        N/A       19%         3
 Sticky Flame             Conj/Fire      15%        2d4       36%         4
 Fireball                 Conj/Fire      7%         3d5       73%         5

Inventory:

Hand Weapons
 i - a +0 mace (weapon) {mace}
   (You found it on level 1 of the Dungeon)
 j - a +0 club {mace}
   (You took it off a gnoll on level 1 of the Dungeon)
Missiles
 d - 44 sling bullets
 h - 36 stones {throwing}
Armour
 a - a +0 robe (worn)
 g - a +0 buckler
   (You found it on level 1 of the Dungeon)
 k - a +0 pair of boots (worn)
   (You found it on level 1 of the Dungeon)
 o - a +0 pair of gloves (worn)
   (You found it on level 1 of the Dungeon)
Jewellery
 m - a ring of willpower (left hand)
   (You found it on level 2 of the Dungeon)
Scrolls
 c - a scroll of magic mapping {unknown}
 l - 2 scrolls of acquirement {unknown}
 p - a scroll of vulnerability {unknown}
 q - a scroll of teleportation {unknown}
 r - a scroll of amnesia {unknown}
 s - a scroll of enchant armour {unknown}
Potions
 b - a potion of degeneration {unknown}
 e - 2 potions of brilliance {unknown}
 f - a potion of haste {unknown}
 n - a potion of lignification {unknown}
 t - a potion of mutation {unknown}

Dungeon Overview and Level Annotations

Branches:
Dungeon (2/15)

Altars:

Annotations:
D:2 Crazy Yiuf

.....#.###........)..#.........#
####.......รท.........#.........#
######.##...##..################
.....#..#.#.###.#
####.........####
####...########## ### ##.....#
##.#..## ###g.)#
#..###.###.ยงvv..####.'...#
#####...........@g...#..##...#
......###########...#.### ###
.###### ####### ##


You could see Crazy Yiuf (ally target).


Message History

You lost 1 mp, and now have 9/10 mp.
You conjure some foxfire!
The foxfire hits the giant cockroach but does no damage.
The foxfire hits the giant cockroach.
You kill the giant cockroach! ๐Ÿ˜Ž MP[-1]
You lost 1 mp, and now have 8/10 mp.
You conjure some foxfire! ๐Ÿ˜Ž MP[-1]
You lost 1 mp, and now have 7/10 mp.
s - a scroll labelled WONOIR NILUM ๐Ÿ˜Ž MP[+3]
Your mp is fully restored (10).
Found a stone staircase leading down.
Crazy Yiuf shouts!
Crazy Yiuf says, "Goldfish tired alas!"
Found a stone staircase leading down.
d - 44 sling bullets (gained 28)
A bat comes into view.
A goblin comes into view. It is wielding a +0 club.
You conjure some foxfire!
The bat barely misses you. ๐Ÿ˜Ž MP[-1]
You lost 1 mp, and now have 9/10 mp.
The goblin shouts!
The bat closely misses you.
You barely miss the bat. The bat hits you. ๐Ÿ˜• HP[-1]
You take 1 damage, and now have 18/19 hp.
The bat closely misses you.
You barely miss the bat. The bat closely misses you. x2
You closely miss the goblin. The bat hits you but does no damage.
The goblin barely misses you. x2
You conjure some foxfire!
The bat misses you. The goblin barely misses you.
You hit the goblin but do no damage.
The foxfire hits the goblin.
The bat hits you. The goblin hits you but does no damage.
The bat hits you. ๐Ÿ˜• HP[-1]
You take 1 damage, and now have 17/19 hp.
You hit the goblin. The bat hits you. The bat barely misses you.
The goblin hits you with a +0 club.
The goblin closely misses you. ๐Ÿ˜• HP[-2]
You take 2 damage, and now have 15/19 hp.
You hit the goblin.
You kill the goblin!
The bat barely misses you. The bat hits you but does no damage.
You hit the bat. The bat barely misses you.
You miss the bat. The bat hits you but does no damage.
You closely miss the bat. The bat barely misses you. ๐Ÿ˜• MP[+1]
Your mp is fully restored (10).
The bat closely misses you.
You conjure some foxfire!
The bat hits you but does no damage. ๐Ÿ˜• MP[-1]
You lost 1 mp, and now have 9/10 mp.
You sock the bat!
You kill the bat!
Things that are here:
a +0 club {mace}; a goblin corpse; ๐Ÿ˜Ž HP[+4] MP[+1]
Your hp is fully restored (19).
Your mp is fully restored (10).
You see here a bat corpse.
You see here a bat corpse.
A goblin comes into view. It is wielding a +0 dagger.
You conjure some foxfire! ๐Ÿ˜Ž MP[-1]
You lost 1 mp, and now have 9/10 mp.
You conjure some foxfire!
The foxfire hits the goblin.
You kill the goblin! ๐Ÿ˜Ž MP[-1]
You lost 1 mp, and now have 8/10 mp.
t - a golden potion ๐Ÿ˜Ž MP[+2]
Your mp is fully restored (10).
There is a stone staircase leading down here.
No reachable target in view!
Unknown command.
You open the door.
You start waiting.
Crazy Yiuf is nearby!
You conjure some foxfire!
Crazy Yiuf shouts!
Crazy Yiuf says, "Walk arm noodlescoop!" ๐Ÿ˜Ž MP[-1]
You lost 1 mp, and now have 9/10 mp.
You conjure some foxfire!
The foxfire hits Crazy Yiuf. x2 ๐Ÿ˜Ž MP[-1]
You lost 1 mp, and now have 8/10 mp.
You miscast Foxfire.
You are very lightly contaminated with residual magic.
Nothing appears to happen.
The foxfire hits Crazy Yiuf. x2
Crazy Yiuf hits you with a +3 quarterstaff of chaos!
You feel very mighty all of a sudden. ๐Ÿ˜ฎ HP[-9] MP[-1]
You take 9 damage, and now have 10/19 hp.
MASSIVE DAMAGE!! (PAUSE)
You lost 1 mp, and now have 7/10 mp.
Casting: Foxfire (safe; 4% risk of failure)
Confirm with . or Enter, or press ? or * to list all spells.
You conjure some foxfire!
Crazy Yiuf hits you with a +3 quarterstaff of chaos!
Ouch! That really hurt!
You die...

Skill      XL: |  1  2  3 |
---------------+----------+-----
Stealth        | 3 |  3.5
Conjurations   | 2 |  2.0
Dodging        | |  2.4
Shields        | |  0.6
Spellcasting   | |  3.6
Fire Magic     | |  3.8

Action                   || total
-------------------------++-------
Melee: Mace              ||    38
 Cast: Foxfire           ||    80
 Stab: Sleeping          ||     2
Armor: Robe              ||    14
Dodge: Dodged            ||    40

Levels and vault maps discovered:
D:1:      dpeg_arrival_tiny_a, layout_rooms, basic_ecumenical_altar
D:2:      layout_rooms, minmay_crystal_room, uniq_crazy_yiuf_cottage

Notes
Turn   | Place    | Note
-------+----------+-------------------------------------------
     0 | D:1      | Sobieck the Deep Elf Fire Elementalist began the quest for
                  | the Orb.
     0 | D:1      | Reached XP level 1. HP: 10/10 MP: 6/6
     0 | D:1      | magus.rc [v1.9.6]
   143 | D:1      | Reached XP level 2. HP: 15/15 MP: 0/8
   295 | D:1      | Found a faded altar of an unknown god.
   363 | D:1      | You fall into a shaft and drop 1 floor!
   498 | D:2      | Reached skill level 3 in Stealth
   752 | D:1      | Reached XP level 3. HP: 16/19 MP: 9/9
  1044 | D:1      | Reached skill level 2 in Conjurations
  1577 | D:2      | Found a runed translucent door.
  1578 | D:2      | Noticed Crazy Yiuf
  1937 | D:2      | Slain by Crazy Yiuf

Vanquished Creatures
  A gnoll (D:1)
  3 endoplasms
  2 giant cockroaches (D:2)
  3 goblins
  4 hobgoblins
  9 jackals
  3 quokkas
  3 ball pythons
  5 bats
  4 frilled lizards (D:1)
  3 kobolds
  5 rats
45 creatures vanquished.

Vanquished Creatures (others)
  131 foxfires
131 creatures vanquished.

Grand Total: 176 creatures vanquished

Table legend:
 A = Non-vault XP
 B = Vault XP
 C = Vault XP percentage of total XP
 D = Non-vault monster count
 E = Vault monster count
 F = Vault count percentage of total count
                 A         B        C        D         E       F
            +---------+---------+-------+---------+---------+-------
      Total |      86 |       0 |   0.0 |      45 |       0 |   0.0
            +---------+---------+-------+---------+---------+-------
        D:1 |      54 |       0 |   0.0 |      26 |       0 |   0.0
        D:2 |      32 |       0 |   0.0 |      19 |       0 |   0.0
            +---------+---------+-------+---------+---------+-------

Illustrated notes

Table legend:
 A = Kills in this place as a percentage of kills in entire the game.
 B = Kills by you in this place as a percentage of kills by you in the entire game.
 C = Kills by friends in this place as a percentage of kills by friends in the entire game.
 D = Other kills in this place as a percentage of other kills in the entire game.
 E = Experience gained in this place as a percentage of experience gained in the entire game.
 F = Experience gained in this place divided by the number of levels of this place that you have seen.
                   A       B       C       D       E      F
               +-------+-------+-------+-------+-------+----------------------
         Total | 100.0 | 100.0 |   N/A |   N/A | 100.0 |  43.0
       Dungeon | 100.0 | 100.0 |   N/A |   N/A | 100.0 |  43.0
               +-------+-------+-------+-------+-------+----------------------

Table legend: (Time is in decaauts)
 A = Elapsed time spent in this place.
 B = Non-inter-level travel time spent in this place.
 C = Inter-level travel time spent in this place.
 D = Time resting spent in this place.
 E = Time spent auto-exploring this place.
 F = Levels seen in this place.
 G = Mean time per level.
                   A        B        C        D        E       F      G
               +--------+--------+--------+--------+--------+-----+--------+
         Total |   1952 |   1899 |     53 |    194 |   1434 |   2 |  976.0 |
       Dungeon |   1952 |   1899 |     53 |    194 |   1434 |   2 |  976.0 |
               +--------+--------+--------+--------+--------+-----+--------+

Top non-repeatable levels by time:
     D:2: 1065 daAuts
     D:1: 887 daAuts
